 Dungeon Crawl Stone Soup version 0.23.2-11-gf996548c65 (webtiles) character file.

Game seed: 8010298016327075125

33 Kobolds4U the Conjurer (level 3, 0/26 HPs)
             Began as a Draconian Conjurer on June 3, 2019.
             Succumbed to an adder's poison
             ... on level 1 of the Dungeon.
             The game lasted 00:02:46 (1128 turns).

Kobolds4U the Conjurer (Draconian Conjurer)         Turns: 1128, Time: 00:02:47

Health: 0/26       AC:  5    Str: 11    XL:     3   Next: 12%
Magic:  0/7        EV: 17    Int: 15    God:
Gold:   37         SH:  0    Dex: 16    Spells: 4/7 levels left

rFire    . . .     SeeInvis .   c - +1 mace (holy)
rCold    . . .     Gourm    .   (no shield)
rNeg     . . .     Faith    .   (armour unavailable)
rPois    .         Spirit   .   (helmet restricted)
rElec    .         Reflect  .   (no cloak)
rCorr    .         Harm     .   (no gloves)
MR       .....                  (no boots)
Stlth    +++.......             (no amulet)
HPRegen  0.08/turn              (no ring)
MPRegen  0.10/turn              (no ring)

@: agile, lethally poisoned (0 -> -8)
A: unfitting armour, cold-blooded, AC +5
a: no special abilities


You were on level 1 of the Dungeon.
You were not hungry.

You visited 1 branch of the dungeon, and saw 2 of its levels.

You collected 37 gold pieces.

Inventory:

Hand Weapons
 c - a +1 mace of holy wrath (weapon)
Missiles
 d - 6 arrows
Scrolls
 a - 2 scrolls of remove curse {unknown}
 e - 2 scrolls of fog
Comestibles
 b - a ration
 g - 3 chunks of flesh


   Skills:
 - Level 1.7 Dodging
 - Level 2.0 Stealth
 * Level 2.7 Spellcasting
 * Level 4.5 Conjurations


You had 4 spell levels left.
You knew the following spells:

 Your Spells              Type           Power        Failure   Level  Hunger
a - Magic Dart            Conj           ###.         3%          1    #......
b - Searing Ray           Conj           ###...       4%          2    ##.....

Your spell library contained the following spells:

 Spells                   Type           Power        Failure   Level  Hunger
 Dazzling Spray           Conj/Hex       #.....       24%         3    ###....
 Iskenderun's Mystic Bla  Conj           ###.....     32%         4    #####..
 Force Lance              Conj/Tloc      #.......     63%         4    #####..
 Fulminant Prism          Conj/Hex       #.........   63%         4    #####..


Dungeon Overview and Level Annotations

Branches:
Dungeon (2/15)

Altars:


Innate Abilities, Weirdness & Mutations

Your plain brown scales are hard. (AC +5)
You cannot fit into any form of body armour.
You are cold-blooded and may be slowed by cold attacks.


Message History

You kill the adder!
You have reached level 3!
Your experience leads to an increase in your attributes!
Increase (S)trength, (I)ntelligence, or (D)exterity?
You feel stronger.
Your scales feel tougher.
The giant cockroach closely misses you. The giant cockroach barely misses you.
It was a potion of agility.
You feel agile all of a sudden.
* * * LOW HITPOINT WARNING * * *
You feel sick. The giant cockroach misses you.
As you read the scroll labeled EHAHOH JES MOW, it crumbles to dust.
The scroll dissolves into smoke.
It was a scroll of fog.
* * * LOW HITPOINT WARNING * * *
You feel sick. The giant cockroach barely misses you.
You hit the giant cockroach but do no damage.
The giant cockroach completely misses you.
The giant cockroach closely misses you.
You hit the giant cockroach.
The giant cockroach is severely wounded.
You die...

### #.# #.# ##### #.# #.<.## #.#
### ###...## #.# #.# #>##...#
#.###.##################
#≈.#...###.....#@§§..............
#≈.##...##.###.#s################
#≈≈.#...##.# #.#§# #≈≈≈##...#.#
#.#.# #≈≈≈≈'...'.# #.#.######
#≈≈≈##...### #.#......#
#≈≈.#...## #.######.# #≈.##...#
#.# #.# #≈.#...## #.# #.#


You could see a giant cockroach.

Vanquished Creatures
  An adder (D:1)
  An ooze (D:1)
  A dart slug (D:1)
  A leopard gecko (D:1)
  3 goblins
  2 hobgoblins (D:1)
  A kobold (D:1)
  2 ball pythons (D:1)
  2 bats (D:1)
  A frilled lizard (D:1)
  A rat (D:1)
16 creatures vanquished.

Notes
Turn   | Place    | Note
-------+----------+-------------------------------------------
     0 | D:1      | Kobolds4U the Draconian Conjurer began the quest for the
                  | Orb.
     0 | D:1      | Reached XP level 1. HP: 14/14 MP: 3/3
   247 | D:1      | Reached XP level 2. HP: 19/20 MP: 0/5
   311 | D:1      | Learned a level 2 spell: Searing Ray
  1124 | D:1      | Reached XP level 3. HP: 2/26 MP: 0/7
  1125 | D:1      | HP: 1/26 [poisoned by an adder]
  1128 | D:1      | Succumbed to an adder's poison

Skill      XL: |  1 |
---------------+----+-----
Stealth        | 2 |  2.0
Dodging        | |  1.7
Spellcasting   | |  2.7
Conjurations   | |  4.5

Action                   || total
-------------------------++-------
Melee: Mace              ||     9
       Tailslap          ||     1
 Cast: Magic Dart        ||    32
  Use: Scroll            ||     1
       Potion            ||     1
  Eat: Chunk             ||     1
Armor: Skin              ||    11
Dodge: Dodged            ||    11
